Map: Tourmaline LE

Players

nosrepallik

  • Race: Terran Terran
  • League: Master
  • Spawn Location: 1:00

Sindyr - Winner!

  • Race: Terran Terran
  • League: Gold
  • Spawn Location: 7:00

VOD

Have the link to the VOD?

Description

Time

  • Played on: Jan. 13, 2026, 8:30 p.m.
  • Length: 13:38
Show
View Real Time Build Order
Export as new Build Order

nosrepallik Terran 

Build Orders:  

Get SALT Encoding   

  12  0:00  SCV  
  13  0:12  SCV  
  14  0:18  Supply Depot  
  14  0:25  SCV  
  15  0:40  SCV  
  15  0:42  Barracks  
  16  0:46  Refinery  
  16  0:52  SCV  
  17  1:04  SCV, Supply Depot  
  18  1:16  SCV  
  19  1:26  Barracks  
  19  1:29  Marine  
  20  1:34  SCV  
  21  1:51  Factory, Marine  
  21  1:53  SCV  
  23  1:57  Supply Depot  
  23  2:10  Barracks Reactor  
  23  2:19  Barracks Tech Lab  
  23  2:22  Orbital Command  
  23  2:23  Supply Depot  
  23  2:35  Refinery  
  23  2:40  Marine  
  24  2:53  Marine x2  
  24  2:55  Starport  
  26  3:02  SCV  
  26  3:05  Marine  
  28  3:08  Factory Reactor  
  28  3:14  Supply Depot, SCV  
  30  3:27  Stimpack  
  29  3:29  Marine x3  
  32  3:37  Supply Depot  
  32  3:49  Marine x3  
  32  3:54  Factory Tech Lab  
  32  3:55  Medivac  
  37  4:07  Marine x2  
  37  4:08  Supply Depot  
  39  4:14  Siege Tank  
  42  4:35  SCV, Command Center  
  43  4:48  Supply Depot  
  43  5:06  Combat Shield  
  43  5:14  Engineering Bay  
  43  5:16  Supply Depot, Engineering Bay  
  43  5:19  Marine x2  
  43  5:20  Marauder  
  47  5:22  Medivac x2  
  41  5:53  Marine x3  
  44  6:01  Terran Infantry Weapons Level 1  
  44  6:06  SCV  
  45  6:11  Marauder  
  49  6:33  Marauder  
  49  6:38  SCV  
  49  6:39  SCV, Marine x2  
  53  6:50  SCV  
  55  6:54  Marauder  
  55  6:57  Marine x2  
  57  7:07  Orbital Command  
  57  7:13  Refinery  
  57  7:15  Marine x2, Terran Infantry Armor Level 1, Refinery, Marauder  
  61  7:19  Supply Depot  
  61  7:23  Medivac x2  
  65  7:32  Marine  
  65  7:33  Marine  
  65  7:34  Barracks  
  65  7:36  Marine  
  65  7:37  Barracks, SCV x2  
  70  7:49  SCV x2  
  70  7:50  Marine x2  
  74  7:53  Medivac x2  
  74  7:54  Marine  
  79  8:01  SCV  
  79  8:02  SCV  
  81  8:08  Marine x2  
  81  8:12  Marine  
  76  8:38  Marine x2  
  78  8:42  Barracks Reactor  
  78  8:43  Barracks Reactor  
  78  8:52  SCV x2  
  80  8:58  Concussive Shells  
  80  9:04  SCV x2  
  82  9:13  Supply Depot  
  82  9:26  Armory  
  82  9:35  Marine x5  
  82  9:36  Marine, Marauder  
  90  9:43  Supply Depot  
  90  9:53  Marine x6  
  90  9:58  Marauder  
  98  10:02  Medivac x2  
  102  10:07  Supply Depot  
  102  10:10  Marine  
  102  10:11  Marine x5  
  108  10:14  SCV  
  108  10:18  Terran Infantry Weapons Level 2, Terran Infantry Armor Level 2  
  108  10:19  Marauder  
  108  10:20  Terran Vehicle Weapons Level 1  
  108  10:21  Thor  
  117  10:28  Marine x2  
  117  10:29  Marine x4  
  117  10:31  Supply Depot  
  123  10:40  Marauder  
  125  10:46  Marine x4  
  125  10:47  Marine x2  
  128  11:02  Marauder  
  128  11:04  Thor  
  120  11:09  Marine x3  
  120  11:10  Marine x3  
  123  11:23  Marauder  
  94  11:27  Marine x4  
  94  11:28  Marine  
  86  11:33  Marine  
  81  11:45  Marauder, Marine x5  
  81  11:46  Thor  
  84  11:51  Marine  
  85  12:01  Medivac x2  
  85  12:03  Marine x5  
  85  12:06  Marauder  
  96  12:09  Marine  
  97  12:20  Marine  
  97  12:21  Marine x4  
  102  12:26  Marine  
  102  12:27  Marauder  
  103  12:31  Supply Depot  
  91  12:47  Marine x4  
  91  12:48  Marine x3  
  58  13:05  Marine x5  
  47  13:06  Marine x2  
Show
View Real Time Build Order
Export as new Build Order

Sindyr Terran - Winner!

Build Orders:  

Get SALT Encoding   

  12  0:02  SCV  
  14  0:14  SCV  
  14  0:18  Supply Depot  
  14  0:26  SCV  
  15  0:40  SCV  
  16  0:44  Barracks  
  16  0:50  Refinery  
  16  0:52  SCV  
  17  1:04  SCV  
  18  1:16  SCV  
  19  1:30  Orbital Command  
  19  1:41  Command Center  
  19  1:53  Refinery  
  19  2:02  Supply Depot  
  19  2:05  Barracks Reactor  
  19  2:18  Barracks  
  19  2:23  SCV  
  19  2:24  Barracks  
  20  2:35  SCV  
  21  2:45  Engineering Bay  
  21  2:47  SCV  
  22  2:59  SCV  
  22  3:02  Bunker, Orbital Command  
  23  3:07  Barracks Tech Lab  
  23  3:11  SCV  
  24  3:27  SCV x2  
  26  3:35  Combat Shield  
  26  3:39  SCV  
  26  3:40  SCV  
  26  3:41  Marine  
  29  3:43  Barracks Reactor  
  29  3:51  SCV  
  29  3:52  SCV  
  29  3:54  Factory  
  31  3:56  Terran Infantry Weapons Level 1  
  31  4:03  SCV  
  31  4:04  SCV  
  33  4:15  SCV  
  33  4:16  SCV, Missile Turret  
  35  4:17  Missile Turret  
  35  4:18  Missile Turret  
  35  4:25  Marine x3  
  35  4:26  Marine  
  35  4:27  SCV  
  35  4:28  SCV  
  41  4:33  Refinery  
  41  4:36  Supply Depot  
  41  4:40  SCV  
  42  4:46  Factory Reactor  
  42  4:48  Starport  
  42  4:51  Marine  
  42  4:52  Marine x2, SCV  
  46  4:54  Stimpack  
  46  4:58  Marine x2  
  48  5:05  Refinery  
  48  5:10  SCV  
  48  5:11  SCV  
  50  5:21  Command Center  
  50  5:23  SCV x2  
  50  5:25  Armory  
  50  5:28  Engineering Bay  
  52  5:35  SCV  
  53  5:40  Marine x2  
  53  5:42  Marine  
  54  6:15  Factory Tech Lab  
  54  6:17  Supply Depot  
  54  6:18  Supply Depot  
  54  6:20  Marine x2  
  54  6:21  Marine  
  54  6:23  Marine  
  54  6:24  Marine  
  49  6:38  Marine x2  
  51  6:44  Terran Infantry Weapons Level 2  
  51  6:45  Terran Infantry Armor Level 1  
  51  6:49  Terran Vehicle Weapons Level 1  
  45  7:06  Supply Depot  
  45  7:08  Supply Depot  
  45  7:09  Supply Depot  
  45  7:10  Supply Depot  
  45  7:27  Marine  
  45  7:29  Marine x4, Siege Tank  
  53  7:30  Medivac x2  
  57  7:45  Marine  
  57  7:46  Barracks  
  57  7:47  Marine x4  
  62  7:56  Orbital Command  
  62  8:00  Medivac  
  62  8:03  Marine  
  62  8:05  Marine x4  
  42  8:21  Marine  
  42  8:22  Marine x4  
  47  8:31  Medivac x2  
  51  8:39  Marine  
  51  8:40  Marine x4  
  51  8:41  Siege Tank  
  59  8:45  SCV  
  60  8:57  Marauder, SCV  
  60  8:58  Marine x4  
  67  9:04  Terran Infantry Weapons Level 3  
  67  9:05  Terran Infantry Armor Level 2  
  67  9:09  Terran Vehicle Weapons Level 2, SCV  
  68  9:16  Marine  
  69  9:21  Refinery, SCV  
  70  9:26  Supply Depot  
  70  9:29  Supply Depot  
  70  9:33  Supply Depot  
  70  9:47  SCV, Siege Tank, Marauder  
  76  9:59  SCV  
  77  10:02  Sensor Tower  
  77  10:08  Marine  
  77  10:11  SCV  
  77  10:13  Supply Depot  
  79  10:14  Supply Depot  
  79  10:16  Supply Depot  
  79  10:19  Marine x4  
  83  10:23  SCV  
  83  10:27  Marauder  
  86  10:36  SCV, Marine  
  86  10:40  Liberator x2  
  94  10:45  Barracks Reactor  
  94  10:48  SCV, Marauder  
  94  11:00  SCV  
  89  11:08  Marine x3  
  89  11:09  Marine, Marauder  
  95  11:22  Liberator  
  95  11:25  Marine x2  
  89  11:26  Marine x4  
  89  11:31  Marauder  
  94  11:43  Marine x2  
  94  11:44  Marine x4  
  100  11:48  Refinery  
  100  11:52  Marauder  
  102  12:01  Marine x2  
  103  12:02  Marine x2  
  103  12:04  Command Center  
  106  12:14  Marauder  
  101  12:35  Marauder  
  101  12:36  Marine  
  101  12:37  Marine x5  
  102  12:54  Marine x2  
  102  12:55  Marine x4  
  102  12:56  Marauder  
  99  13:12  Marine x3  
  100  13:13  Marine x2  
  105  13:20  Marine  
  105  13:23  Refinery  
  106  13:28  Refinery  
Tags
 
Matchup
TvT
Race
Terran
Replay Pack
Multiplayer
Spawn Locations
Cross Positions
Add a new tag
Caveats
  • Supply blocks, unpowered buildings, or Contaminate may cause inaccurate times.
  • Supply counts are checked every 10 seconds.